 Dungeon Crawl Stone Soup version 0.18.1-6-gd335043 (webtiles) character file.

186 m0ast the Ruffian (level 5, -4/43 (44) HPs)
             Began as a Ghoul Skald on May 18, 2016.
             Killed by divine providence
             ... invoked by an orc priest
              (15 damage)
             ... on level 4 of the Dungeon.
             The game lasted 00:15:04 (4176 turns).

m0ast the Ruffian (Ghoul Skald)                     Turns: 4176, Time: 00:15:11

HP:   -4/43 (44)    AC:  3    Str: 17    XL:     5   Next: 66%
MP:   2/7           EV: 11    Int:  7    God:
Gold: 287           SH:  0    Dex:  8    Spells: 3 memorised, 3 levels left

rFire  . . .     SeeInvis .       - Unarmed
rCold  + . .     Gourm    .     a - +0 leather armour
rNeg   + + +     Faith    .     (no shield)
rPois  ∞         Spirit   .     (no helmet)
rElec  .         Dismiss  .     (no cloak)
rCorr  .         Reflect  .     (no gloves)
SustAt .         Harm     .     (no boots)
MR     .....                    (no amulet)
Stlth  +.........               (no ring)
                                (no ring)

@: infused, singing, rotting, not resistant to hostile enchantments, very
unstealthy
A: rotting body, claws 1, carnivore 3, cold resistance 1, negative energy
resistance 3, slow regeneration 1, torment resistance, unbreathing
a: Stop Singing


You were on level 4 of the Dungeon.
You were not hungry.

You visited 1 branch of the dungeon, and saw 4 of its levels.

You collected 287 gold pieces.

Inventory:

Armour
 a - a +0 leather armour (worn)
Jewellery
 h - an uncursed ring of protection from magic {unknown}
 o - an uncursed ring of wizardry {unknown}
Scrolls
 d - 3 scrolls of teleportation {unknown}
 f - 3 scrolls of remove curse {unknown}
 g - 2 scrolls of magic mapping {unknown}
 k - a scroll of enchant armour {unknown}
 l - a scroll of immolation {unknown}
 m - a scroll of identify {unknown}
 p - a scroll of noise {unknown}
Potions
 e - 3 potions of ambrosia {unknown}
 i - a potion of curing {unknown}
 j - a potion of brilliance {unknown}
 n - 2 potions of flight {unknown}
Books
 b - a book of Battle

   Spells                             Type                      Level
   a - Infusion                       Charms                       1
   b - Shroud of Golubria             Charms/Translocation         2
   c - Song of Slaying                Charms                       2
   d - Spectral Weapon                Hexes/Charms                 3
   e - Regeneration                   Charms/Necromancy            3
Comestibles
 c - 3 meat rations
 r - a beef jerky


   Skills:
 + Level 2.8 Fighting
 + Level 1.8 Armour
 * Level 2.3 Dodging
 + Level 1.6 Stealth
 * Level 3.4 Unarmed Combat
 + Level 2.2 Spellcasting
 + Level 3.1 Charms


You had 3 spell levels left.
You knew the following spells:

 Your Spells              Type           Power        Failure   Level  Hunger
a - Infusion              Chrm           #...         14%         1    ##.....
b - Song of Slaying       Chrm           #.......     21%         2    ###....
c - Shroud of Golubria    Chrm/Tloc      #.........   38%         2    ###....


Dungeon Overview and Level Annotations

Branches:
Dungeon (4/15)
 Temple: D:4-7

Altars:
Cheibriados
Trog
Zin


Innate Abilities, Weirdness & Mutations

Your body is rotting away.
You thrive on raw meat.
You are immune to poison.
You have sharp fingernails.
You are carnivorous and can eat meat at any time.
Your flesh is cold resistant.
You are immune to negative energy.
You regenerate slowly when monsters are visible.
You are immune to unholy pain and torment.
You can survive without breathing.


Message History

You scratch the orc wizard.
The orc wizard is heavily wounded.
You hear a shout!
The orc wizard casts a spell at you. The puff of flame misses you.
The orc priest invokes the aid of Beogh against you.
Beogh smites you!
You completely miss the orc wizard.
The orc wizard is heavily wounded.
The orc wizard closely misses you.
The orc priest mumbles some strange prayers to Beogh against you.
Beogh smites you!
* * * LOW HITPOINT WARNING * * *
You barely miss the orc wizard.
The orc wizard is heavily wounded.
The orc wizard casts a spell at you. The puff of frost misses you.
The orc priest invokes the aid of Beogh against you.
Beogh smites you!
You die...

.#.##.#
o....#
........
..>.#
.#..#...
...# .#..#
..##.###.#
.# ...
........o#
.# .###
####.#.#.#
.# . #.#o#
.# ##
#.#o# .#
#.#@# .#
#.#.# .#
#.#.# ..
..#.# #.#
#.# #.#
#.# #.#


You could see 2 orc priests and an orc wizard.

Vanquished Creatures
  A giant frog skeleton (D:4)
  Terence (D:2)
  7 adders
  A gnoll (D:1)
  An ooze (D:2)
  An adder skeleton (D:4)
  2 worms
  2 giant geckos
  11 bats
  2 giant cockroaches
  11 goblins
  A quokka (D:2)
  2 giant newts
  6 kobolds
  8 rats
57 creatures vanquished.

Notes
Turn   | Place    | Note
--------------------------------------------------------------
     0 | D:1      | m0ast the Ghoul Skald began the quest for the Orb.
     0 | D:1      | Reached XP level 1. HP: 17/17 MP: 2/2
    49 | D:1      | Reached skill level 1 in Armour
    84 | D:1      | Reached skill level 1 in Dodging
    96 | D:1      | Reached XP level 2. HP: 8/25 MP: 0/3
   924 | D:1      | Reached XP level 3. HP: 28/30 MP: 4/4
  1036 | D:1      | Learned a level 2 spell: Song of Slaying
  1788 | D:2      | Reached skill level 1 in Stealth
  1940 | D:2      | Noticed Terence
  1961 | D:2      | Reached XP level 4. HP: 31/37 MP: 0/5
  1979 | D:2      | Killed Terence
  2789 | D:2      | Reached XP level 5. HP: 28/40 MP: 3/7
  2971 | D:3      | Found a glowing silver altar of Zin.
  3322 | D:4      | Found a bloodstained altar of Trog.
  3544 | D:4      | Learned a level 2 spell: Shroud of Golubria
  3626 | D:4      | Found a snail-covered altar of Cheibriados.
  4176 | D:4      | Killed from afar by an orc priest

Skill      XL: |  1  2  3  4  5 |
---------------+----------------+-----
Armour         | 1 |  1.8
Dodging        | 1 2 |  2.3
Stealth        | 1 |  1.6
Unarmed Combat | 3 |  3.4
Spellcasting   | 2 |  2.2
Charms         | 3 |  3.1
Fighting       | |  2.8

Action                   |  1- 3 |  4- 6 || total
-------------------------+-------+-------++-------
Melee: Unarmed           |   122 |    97 ||   219
       Punch             |     1 |       ||     1
 Cast: Infusion          |    19 |    15 ||    34
       Song of Slaying   |       |     1 ||     1
 Stab: Sleeping          |     1 |       ||     1
  Eat: Chunk             |    15 |     9 ||    24
Armor: Leather armour    |    51 |    27 ||    78
Dodge: Dodged            |    70 |    48 ||   118
